 Dungeon Crawl Stone Soup version 0.28-a0-796-gd4f0d3f9b2 (webtiles) character file.

Game seed: 10099752546533175715

16158 1994 the Frost Mage (level 12, -1/91 HPs)
             Began as a Formicid Ice Elementalist on Nov 6, 2021.
             Was a Priest of Uskayaw.
             Slain by an eight-headed hydra (6 damage)
             ... on level 1 of the Lair of Beasts.
             The game lasted 00:39:50 (14055 turns).

1994 the Frost Mage (Formicid Ice Elementalist)    Turns: 14055, Time: 00:39:50

Health: -1/91      AC:  6    Str: 13    XL:     12   Next: 66%
Magic:  43/43      EV: 14    Int: 23    God:    Uskayaw [***...]
Gold:   271        SH:  0    Dex: 11    Spells: 19/30 levels left

rFire   + . .      SeeInvis +   b - +12 hunting sling of Defilement {flame, +Blink rN+ Int+3}
rCold   . . .      Faith    .   (no shield)
rNeg    + . .      Spirit   .   F - +2 robe {rF+}
rPois   .          Reflect  .   (helmet unavailable)
rElec   .          Harm     .   l - +1 cloak
rCorr   .          Rampage  .   (no gloves)
Will    +....                   (no boots)
Stlth   ++++......              (no amulet)
HPRegen 0.25/turn               m - ring of magical power
MPRegen 0.28/turn               K - ring of magical power

@: no status effects
A: permanent stasis, dig shafts and tunnels, antennae 3, four strong arms
a: Dig, Shaft Self, Renounce Religion, Stomp, Line Pass


You were on level 1 of the Lair of Beasts.
You worshipped Uskayaw.
Uskayaw was noncommittal.
You visited 3 branches of the dungeon, and saw 13 of its levels.

You collected 780 gold pieces.
You spent 509 gold pieces at shops.

Inventory:

Hand Weapons
 a - a +0 quarterstaff
 b - the +12 hunting sling of Defilement (weapon) {flame, +Blink rN+ Int+3}
   (You found it on level 10 of the Dungeon)

   Any ammunition fired from it burns those it strikes, dealing additional fire
   damage.
   Int:       It affects your intelligence (+3).
   rN:        It protects you from negative energy.
   +Blink:    It lets you blink.
 x - a +0 great sword of electrocution
 y - a +2 whip of flaming
 J - a +1 short sword of draining
Missiles
 e - 59 poisoned darts
 j - 3 curare-tipped darts
 q - 173 sling bullets (quivered ammo)
 r - 118 stones
 A - 5 throwing nets
Armour
 l - a +1 cloak (worn)
 F - a +2 robe of fire resistance (worn)
 O - the +0 kite shield of the Other Side {Rampage rPois rCorr Str+3}
   (You bought it in a shop on level 11 of the Dungeon)

   Str:       It affects your strength (+3).
   rPois:     It protects you from poison.
   rCorr:     It protects you from acid and corrosion.
   Rampage:   It bestows one free step when moving towards enemies.
Magical Staves
 o - a staff of earth
 D - a staff of death
Jewellery
 m - a ring of magical power (left hand)
 t - a ring of fire
 K - a ring of magical power (right hand)
 P - the ring of Departure {Fire Contam rPois rN++ Str+8}
   (You found it on level 1 of the Lair of Beasts)

   [ring of fire]

   It enhances your fire magic.
   Str:       It affects your strength (+8).
   rF:        It protects you from fire.
   rC:        It makes you vulnerable to cold.
   rPois:     It protects you from poison.
   rN:        It greatly protects you from negative energy.
   Contam:    It causes magical contamination when unequipped.
Wands
 G - a wand of flame (15)
 H - a wand of iceblast (11)
 I - a wand of acid (9)
Scrolls
 c - 2 scrolls of summoning {unknown}
 g - a scroll of brand weapon {unknown}
 i - a scroll of immolation {unknown}
 s - 2 scrolls of enchant armour
 v - 2 scrolls of fog
 w - 2 scrolls of vulnerability
 B - 2 scrolls of enchant weapon {unknown}
 E - a scroll of torment {unknown}
 L - 2 scrolls of magic mapping
 M - a scroll of identify
 N - a scroll of fear
Potions
 d - 2 potions of cancellation
 f - 6 potions of heal wounds
 h - 7 potions of curing
 k - 2 potions of flight
 n - a potion of ambrosia
 p - 3 potions of lignification
 u - a potion of brilliance {unknown}
 z - a potion of mutation {unknown}
 C - a potion of might {unknown}


   Skills:
 + Level 7.0 Fighting
 + Level 4.8 Staves
 - Level 6.0 Dodging
 + Level 9.0 Stealth
 * Level 2.3 Shields
 * Level 9.6 Spellcasting
 - Level 6.0 Conjurations
 * Level 10.1 Ice Magic
 + Level 5.9 Invocations


You had 19 spell levels left.
You knew the following spells:

 Your Spells              Type           Power      Damage    Failure   Level
a - Freeze                Ice            100%       1d11      1%          1
b - Frozen Ramparts       Ice            100%       1d12      1%          3
c - Ozocubu's Armour      Ice            55%        N/A       1%          3
d - Hailstorm             Conj/Ice       48%        3d11      1%          4

Your spell library contained the following spells:

 Spells                   Type           Power      Damage    Failure   Level
 Static Discharge         Conj/Air       24%        N/A       2%          2
 Slow                     Hex            44%        N/A       6%          1
 Confusing Touch          Hex            11%        N/A       17%         3
 Sticky Flame             Conj/Fire      24%        2d5       17%         4
 Lightning Bolt           Conj/Air       12%        1d25      43%         5
 Airstrike                Air            5%         N/A       50%         4
 Dispel Undead            Necr           11%        3d9       50%         4
 Summon Lightning Spire   Summ/Air       11%        N/A       50%         4
 Yara's Violent Unravell  Hex/Tmut       5%         3d4       85%         5


Dungeon Overview and Level Annotations

Branches:
Dungeon (11/15)            Temple (1/1) D:4            Lair (1/6) D:9
    Orc: D:9-12

Altars:
Ashenzari
Cheibriados
Dithmenos
Elyvilon
Fedhas
Gozag
Hepliaklqana
Kikubaaqudgha
Makhleb
Nemelex Xobeh
Okawaru
Qazlal
Ru
Sif Muna
Trog
Uskayaw
Vehumet
Wu Jian
Xom
Yredelemnul
Zin
The Shining One

Shops:
D:4 ?   D:11 :*(?*:

Annotations:
D:5 exclusion: 2 upstairs
Lair:1 2 transporters


Innate Abilities, Weirdness & Mutations

You cannot be hasted, slowed, berserked, paralysed or teleported.
You can dig through walls and to a lower floor.
You have a pair of large antennae on your head. (SInv)
Your four strong arms can wield two-handed weapons with a shield.


Message History

The stone burns the eight-headed hydra.
The eight-headed hydra roars!
The eight-headed hydra is moderately wounded.
You shoot a stone. The stone hits the eight-headed hydra!
The stone burns the eight-headed hydra.
The eight-headed hydra is heavily wounded.
You can now pass through a line of other dancers.
You shoot a stone. The stone hits the eight-headed hydra!
The stone burns the eight-headed hydra.
The eight-headed hydra is heavily wounded.
No target in view!
You shoot a sling bullet.
The sling bullet completely misses the eight-headed hydra.
You shoot a sling bullet.
The sling bullet hits the eight-headed hydra!
The sling bullet burns the eight-headed hydra.
The eight-headed hydra is severely wounded.
You shoot a sling bullet.
The sling bullet hits the eight-headed hydra!
The sling bullet burns the eight-headed hydra.
The eight-headed hydra is almost dead.
Uskayaw will force your foes to helplessly watch your dance.
Uskayaw prepares the audience for your solo!
You shoot a sling bullet.
The sling bullet hits the eight-headed hydra!
The sling bullet burns the eight-headed hydra.
The eight-headed hydra is almost dead.
The eight-headed hydra is no longer paralysed.
The eight-headed hydra bites you!
The eight-headed hydra closely misses you.
The eight-headed hydra barely misses you.
The eight-headed hydra bites you! The eight-headed hydra bites you.
The eight-headed hydra bites you! x3
The eight-headed hydra bites you but does no damage.
The eight-headed hydra bites you!
* * * LOW HITPOINT WARNING * * *
The eight-headed hydra bites you!
* * * LOW HITPOINT WARNING * * *
The eight-headed hydra bites you.
You die...

..#.......<................###.#.
..............................>..
...#......#..#............####...
...#......####..#.#P.##.P.## ##..
...#......# #...#########..# #P..
..#.......# ##..# #..# #P..
..........# #...## #.## ##..
..........# ##...########.# #..
..........# #..@.........## #..
###.#.### #..D..........# #..
#### #.(..........### #..
#(............)###..
....................
.......>............#
(.....##.##.####.....#
.(.....####### #.....# .(......#
#.....#


You could see an eight-headed hydra.

Vanquished Creatures
  Josephine (D:10)
  A hydra (Lair:1)
  Harold (D:10)
  5 two-headed ogres
  Pikel (D:6)
  A cyclops (D:11)
  Joseph (D:7)
  An unseen horror (D:11)
  A cane toad (Lair:1)
  2 komodo dragons
  A troll (D:9)
  Prince Ribbit (D:7)
  3 blink frogs (Lair:1)
  Sigmund (D:6)
  8 yaks
  A wyvern (Lair:1)
  7 wraiths
  4 vampire mosquitoes
  A steam dragon (D:10)
  3 water moccasins
  Duvessa (D:6)
  2 ice beasts
  2 sky beasts
  A black bear (D:4)
  3 ogres
  4 centaurs
  A phantom (D:5)
  4 bullfrogs
  2 scorpions (D:5)
  A gnoll sergeant (D:7)
  Dowan (D:6)
  9 killer bees
  2 electric eels
  5 wights (D:6)
  4 howler monkeys
  6 centaur zombies
  A crimson imp (D:8)
  A hound (D:6)
  2 jellies
  3 orc priests
  A bullfrog skeleton (D:7)
  A gnoll shaman (D:7)
  3 iguanas
  9 orc wizards
  A killer bee zombie (D:8)
  A howler monkey zombie (D:9)
  6 gnolls (D:7)
  A howler monkey skeleton (D:7)
  7 adders
  2 shadow imps
  A white imp (D:6)
  An ufetubus (D:4)
  2 adder skeletons
  An adder zombie (D:5)
  3 worms (D:3)
  2 dart slugs
  14 orcs
  8 ball pythons
  9 endoplasms
  3 giant cockroaches
  6 goblins
  2 hobgoblins
  8 jackals
  4 quokkas
  5 bats
  3 frilled lizards
  9 kobolds
  2 rats (D:1)
215 creatures vanquished.

Vanquished Creatures (others)
  9 plants
9 creatures vanquished.

Grand Total: 224 creatures vanquished

Notes
Turn   | Place    | Note
-------+----------+-------------------------------------------
     0 | D:1      | 1994 the Formicid Ice Elementalist began the quest for the
                  | Orb.
     0 | D:1      | Reached XP level 1. HP: 13/13 MP: 3/3
   276 | D:1      | Reached XP level 2. HP: 18/20 MP: 1/5
   347 | D:1      | Found a faded altar of an unknown god.
   903 | D:2      | Reached XP level 3. HP: 25/25 MP: 6/6
   907 | D:2      | Learned a level 3 spell: Frozen Ramparts
   978 | D:2      | Reached skill level 1 in Fighting
  1679 | D:3      | Reached XP level 4. HP: 32/32 MP: 8/8
  2354 | D:3      | Reached XP level 5. HP: 37/37 MP: 9/9
  2788 | D:4      | Noticed an ogre
  2794 | D:4      | Killed an ogre
  2795 | D:4      | Reached XP level 6. HP: 44/44 MP: 11/11
  2842 | D:4      | Learned a level 3 spell: Ozocubu's Armour
  2847 | D:4      | Learned a level 4 spell: Hailstorm
  2856 | D:4      | Reached skill level 5 in Ice Magic
  3065 | D:4      | Found Luappuz's Magic Scroll Shop.
  3245 | D:4      | Found a staircase to the Ecumenical Temple.
  3711 | D:4      | Noticed a black bear
  3717 | D:4      | Killed a black bear
  3718 | D:4      | Reached skill level 1 in Conjurations
  4006 | D:4      | Reached XP level 7. HP: 49/50 MP: 13/13
  4554 | D:5      | Entered Level 5 of the Dungeon
  4572 | D:4      | Bought a scroll of noise for 12 gold pieces
  4573 | D:4      | Bought a scroll of fog for 24 gold pieces
  4578 | D:4      | Bought a scroll of identify for 24 gold pieces
  4578 | D:4      | Bought a scroll of identify for 24 gold pieces
  5046 | D:5      | Noticed a two-headed ogre
  5093 | D:5      | Killed a two-headed ogre
  5094 | D:5      | Reached skill level 5 in Stealth
  5094 | D:5      | Reached skill level 5 in Spellcasting
  5094 | D:5      | Reached skill level 6 in Ice Magic
  5094 | D:5      | Reached XP level 8. HP: 58/58 MP: 16/16
  5459 | D:5      | Reached XP level 9. HP: 42/64 MP: 17/17
  5601 | D:5      | Noticed a two-headed ogre
  5624 | D:5      | Killed a two-headed ogre
  5625 | D:5      | Reached skill level 7 in Ice Magic
  5940 | Temple   | Entered the Ecumenical Temple
  6061 | Temple   | Became a worshipper of Uskayaw the Reveller
  6119 | D:6      | Noticed Sigmund
  6119 | D:6      | Noticed Pikel
  6122 | D:6      | Reached * piety under Uskayaw
  6124 | D:6      | Reached ** piety under Uskayaw
  6125 | D:6      | Killed Pikel
  6125 | D:6      | Reached *** piety under Uskayaw
  6126 | D:6      | Reached skill level 1 in Invocations
  6128 | D:6      | Reached **** piety under Uskayaw
  6133 | D:6      | Killed Sigmund
  6295 | D:6      | Reached XP level 10. HP: 67/73 MP: 19/19
  6736 | D:6      | Found a snail-covered altar of Cheibriados.
  6736 | D:6      | Found a stormy altar of Qazlal.
  6747 | D:6      | Found a hazy altar of Hepliaklqana.
  6749 | D:6      | Found an ornate altar of the Wu Jian Council.
  6751 | D:6      | Found a faded altar of an unknown god.
  6785 | D:6      | Found an opulent altar of Gozag.
  6786 | D:6      | Noticed Dowan
  6787 | D:6      | Noticed Duvessa
  6793 | D:6      | Reached skill level 5 in Conjurations
  6794 | D:6      | Killed Dowan
  6795 | D:6      | Killed Duvessa
  6798 | D:6      | Reached ***** piety under Uskayaw
  7179 | D:7      | Found a radiant altar of Vehumet.
  7179 | D:7      | Noticed Prince Ribbit
  7186 | D:7      | Killed Prince Ribbit
  7327 | D:7      | Found a glowing silver altar of Zin.
  7368 | D:7      | Reached skill level 5 in Fighting
  7413 | D:7      | Reached skill level 8 in Ice Magic
  7517 | D:7      | Noticed a two-headed ogre
  7527 | D:7      | Killed a two-headed ogre
  7687 | D:7      | Noticed Joseph
  7726 | D:7      | Killed Joseph
  8300 | D:8      | Found a shimmering altar of Xom.
  8301 | D:8      | Found a burning altar of Makhleb.
  8309 | D:8      | Reached skill level 5 in Dodging
  8840 | D:9      | Reached XP level 11. HP: 71/80 MP: 22/22
  9303 | D:9      | Reached skill level 1 in Staves
  9311 | D:9      | Found a broken altar of Ashenzari.
  9380 | D:9      | Reached ****** piety under Uskayaw
  9502 | D:9      | Found a staircase to the Lair.
  9690 | D:10     | Entered Level 10 of the Dungeon
  9818 | D:10     | Reached skill level 9 in Ice Magic
  9922 | D:10     | Noticed Josephine
  9940 | D:9      | HP: 4/81 [something (7)]
 10591 | D:10     | Noticed Harold
 10683 | D:10     | Identified the +12 hunting sling of Defilement {flame,
                  | +Blink rN+ Int+3}
 10937 | D:10     | Noticed a two-headed ogre
 11011 | D:10     | Killed a two-headed ogre
 11675 | D:10     | Killed Josephine
 11676 | D:10     | Reached skill level 5 in Invocations
 11809 | D:10     | Killed Harold
 11810 | D:10     | Reached XP level 12. HP: 78/89 MP: 25/25
 12205 | D:11     | Found Tokiarad's Book Boutique.
 12207 | D:11     | Found Qiuhec's Antique Weapon Shop.
 12219 | D:11     | Found Vofryon's General Store.
 12219 | D:11     | Found Xideh's Magic Scroll Shoppe.
 12231 | D:11     | Found Upreuf's Book Emporium.
 12231 | D:11     | Found Ycuiw's General Store.
 12246 | D:11     | Bought a scroll of magic mapping for 52 gold pieces
 12248 | D:11     | Bought a scroll of fear for 42 gold pieces
 12329 | D:11     | Noticed a two-headed ogre
 12337 | D:11     | Killed a two-headed ogre
 12991 | D:11     | Bought the +0 kite shield of the Other Side {Rampage rPois
                  | rCorr Str+3} for 331 gold pieces
 13032 | Lair:1   | Entered Level 1 of the Lair of Beasts
 13070 | Lair:1   | Reached skill level 1 in Shields
 13070 | Lair:1   | Reached skill level 10 in Ice Magic
 13080 | Lair:1   | Identified the ring of Departure {Fire Contam rPois rN++
                  | Str+8}
 13093 | Lair:1   | Noticed a four-headed hydra
 13101 | Lair:1   | Killed a four-headed hydra
 13440 | Lair:1   | Found a transporter.
 13446 | Lair:1   | Found a transporter.
 13457 | Lair:1   | Noticed a boulder beetle
 14046 | Lair:1   | Noticed an eight-headed hydra
 14055 | Lair:1   | Slain by an eight-headed hydra

Illustrated notes

Levels and vault maps discovered:
D:1:      amcnicky_arrival_underground_garden, layout_basic,
          basic_ecumenical_altar
D:2:      layout_loops_cross, hangedman_glass_teeth
D:3:      layout_rooms
D:4:      layout_layer_cave, minmay_temple_entry_from_below_a, serial_shops,
          nicolae_take_the_stairs, chequers_hall_statues_y, st_stairs_8
D:5:      layout_gridville, minmay_large_rounded_square
D:6:      layout_rooms, chequers_temple_overflow_minitemple,
          nicolae_gozag_cash_rules_everything_around_me, uniq_sigmund,
          uniq_duvessa, uniq_pikel
D:7:      layout_rooms, kennysheep_mini, nicolae_vehumet_altar_sigil,
          uniq_prince_ribbit1, uniq_joseph
D:8:      layout_basic, grunt_temple_overflow_champion_of_chaos
D:9:      layout_basic, mainiacjoe_overflow_alcove_1, david_lair_shrubbed
D:10:     layout_irregular_city, kennysheep_cross_bottleneck,
          corexii_hall_statues_l, kennysheep_generic_room_8, uniq_harold,
          uniq_josephine
D:11:     layout_basic, hex_medium, moated_statue, minmay_misc_feat_rows,
          nicolae_wooded_promenade
Temple:   hc_temple_tempest_star
Lair:1:   gammafunk_boulding_lane, layout_chaotic_city, serial_bayou_shore_a

Skill      XL: |  1  2  3  4  5  6  7  8  9 10 11 12 |
---------------+-------------------------------------+-----
Fighting       | 1 2 3 4 5 6 7 |  7.0
Dodging        | 2 3 4 5 6 |  6.0
Stealth        | 3 4 5 6 7 8 9 |  9.0
Spellcasting   | 3 4 5 6 7 9 |  9.6
Ice Magic      | 5 6 7 8 9 10 | 10.1
Conjurations   | 1 3 4 5 6 |  6.0
Invocations    | 1 3 5 |  5.9
Staves         | 3 4 |  4.8
Shields        | 2 |  2.3

Action                   |  1- 3 |  4- 6 |  7- 9 | 10-12 || total
-------------------------+-------+-------+-------+-------++-------
Melee: Short sword       |    63 |    71 |    25 |    30 ||   189
       Great sword       |       |       |     2 |     8 ||    10
       Quarterstaff      |       |       |       |    80 ||    80
       Hunting sling     |       |       |       |     2 ||     2
 Fire: Hunting sling     |       |       |    36 |   310 ||   346
Throw: Dart              |       |     4 |    21 |     5 ||    30
 Cast: Freeze            |    13 |    19 |    15 |    44 ||    91
       Frozen Ramparts   |     1 |    13 |     9 |    29 ||    52
       Ozocubu's Armour  |       |     3 |     4 |    28 ||    35
       Hailstorm         |       |       |     2 |    10 ||    12
Invok: Stomp             |       |       |     2 |     4 ||     6
 Abil: Dig               |       |     1 |     1 |     4 ||     6
  Use: Scroll            |       |       |     6 |     8 ||    14
       Potion            |       |       |       |     1 ||     1
 Stab: Sleeping          |     4 |     5 |     1 |     2 ||    12
       Paralysed         |       |       |       |     7 ||     7
Armor: Robe              |     6 |    24 |    18 |   176 ||   224
Dodge: Dodged            |    36 |    57 |    35 |   248 ||   376

Table legend: (Time is in decaauts)
 A = Elapsed time spent in this place.
 B = Non-inter-level travel time spent in this place.
 C = Inter-level travel time spent in this place.
 D = Time resting spent in this place.
 E = Time spent auto-exploring this place.
 F = Levels seen in this place.
 G = Mean time per level.
                   A        B        C        D        E       F      G
               +--------+--------+--------+--------+--------+-----+--------+
         Total |  14155 |  13505 |    650 |   4069 |   6221 |  13 | 1088.8 |
       Dungeon |  12981 |  12372 |    609 |   3560 |   5740 |  11 | 1180.1 |
        Temple |    137 |     96 |     41 |      0 |     84 |   1 |  137.0 |
          Lair |   1036 |   1036 |      0 |    509 |    397 |   1 | 1036.0 |
               +--------+--------+--------+--------+--------+-----+--------+

Top non-repeatable levels by time:
    D:10: 2008 daAuts
     D:4: 1796 daAuts
     D:5: 1405 daAuts
     D:9: 1212 daAuts
    D:11: 1065 daAuts
  Lair:1: 1036 daAuts
     D:3: 1019 daAuts
     D:2: 956 daAuts
     D:7: 929 daAuts
     D:6: 920 daAuts
     D:8: 835 daAuts
     D:1: 830 daAuts
  Temple: 137 daAuts
